AoeStats
← TuCAAA :D

Golden Pit

509886337Analyzed
1v1 RM · 5d ago on Sep 28, 2026· 35m 1s· 2 players
Game mode
Random Map
Map size
Tiny (2 player)
Population
200
Speed
Normal
Resources
Standard
Victory
Conquest
Starting age
Dark Age
Ending age
Imperial Age
RankedLock teamsTeams togetherTeam positionsShared explorationLock speedFull tech treeHidden civsTurbo modeCheats
Victory
Defeat
🇫🇷 Magyars · France
1154
+15
🇦🇷 Spanish · Argentina
1122
-15
CapPopaye
7:16 Loom
9:35 Feudal Age
10:15 Horse Collar
10:48 Double-Bit Axe
17:12 Wheelbarrow
17:49 Scale Barding Armor
25:53 Castle Age
26:56 Bow Saw
26:15 Light Cavalry
27:10 Heavy Plow
27:37 Elite Skirmisher
28:44 Bloodlines
30:07 Husbandry
31:51 Chain Barding Armor
31:23 Fletching
TuCAAA :D
10:36 Feudal Age
10:41 Loom
11:39 Double-Bit Axe
13:16 Horse Collar
15:24 Town Watch
20:40 Castle Age
30:54 Fletching
Connection lost

Rejoining the realm…

Still unreachable

The connection could not be restored.

Session expired

The server has moved on; the page needs a fresh start.